 Dungeon Crawl Stone Soup version 0.24-a0-487-g57318f2ed0 (webtiles) character file.

Game seed: 9549620651257167283

59139 LemonEater the Geomancer (level 14, -3/86 HPs)
             Began as a Gargoyle Earth Elementalist on July 10, 2019.
             Was a High Priest of Vehumet.
             Slain by Efitis's ghost (19 damage)
             ... on level 5 of the Lair of Beasts.
             The game lasted 01:04:41 (22583 turns).

LemonEater the Geomancer (GrEE)                    Turns: 22583, Time: 01:04:42

Health: -3/86      AC: 22    Str: 16    XL:     14   Next: 93%
Magic:  1/27       EV: 19    Int: 27    God:    Vehumet [*****.]
Gold:   1891       SH:  0    Dex: 10    Spells: 7/32 levels left

rFire    + . .     SeeInvis .   D - +5 morningstar (elec)
rCold    + + .     Gourm    .   (no shield)
rNeg     + . .     Faith    .   P - +2 robe {rC+}
rPois    ∞         Spirit   .   Q - +2 helmet {Int+3}
rElec    +         Reflect  .   B - scarf {rC+ rF+}
rCorr    .         Harm     .   y - +1 pair of gloves
MR       +....     Clarity  +   l - +1 pair of boots
Stlth    ++........             (no amulet)
HPRegen  0.24/turn              f - +4 ring of evasion
MPRegen  0.20/turn              q - ring of wizardry

@: mighty, flying
A: big wings, clarity, clever 1, negative energy resistance 1, sense
surroundings 1, electricity resistance, unbreathing, petrification resistance,
rot immunity, AC +10
a: Stop Flying, Renounce Religion


You were on level 5 of the Lair of Beasts.
You worshipped Vehumet.
Vehumet was extremely pleased with you.
You were not hungry.

You visited 3 branches of the dungeon, and saw 20 of its levels.
You also visited: Sewer and Bailey.

You collected 2821 gold pieces.
You spent 930 gold pieces at shops.

Inventory:

Hand Weapons
 A - a +1 morningstar of flaming
 D - a +5 morningstar of electrocution (weapon)
Missiles
 b - 440 stones (quivered)
 j - a throwing net
Armour
 l - a +1 pair of boots (worn)
 y - a +1 pair of gloves (worn)
 B - a scarf of resistance (worn)
 I - a +1 cloak of magic resistance
 P - a +2 robe of cold resistance (worn)
 Q - a +2 helmet of intelligence (worn)
Jewellery
 a - an uncursed ring of fire
 f - a +4 ring of evasion (left hand)
 k - the amulet "Goehuif" {RegenMP rElec rN+++ Int-5}
   (You found it on level 5 of the Lair of Beasts)

   [amulet of magic regeneration]

   It increases your magic regeneration.
   It affects your intelligence (-5).
   It insulates you from electricity.
   It renders you almost immune to negative energy.
 q - a ring of wizardry (right hand)
 L - an uncursed amulet of magic regeneration
 N - an uncursed ring of see invisible
Wands
 e - a wand of paralysis (14)
 r - a wand of disintegration (9)
 x - a wand of flame (52)
 H - a wand of enslavement (7)
 J - a wand of random effects (35)
 K - a wand of iceblast (13)
 V - a wand of polymorph (12)
Scrolls
 g - 11 scrolls of remove curse
 m - 7 scrolls of teleportation
 p - 6 scrolls of blinking
 t - a scroll of magic mapping
 w - 2 scrolls of identify
 C - 2 scrolls of fear
 G - 5 scrolls of amnesia
 O - 3 scrolls of fog
 S - a scroll of immolation
Potions
 c - 2 potions of agility
 h - 2 potions of heal wounds
 i - 9 potions of curing
 n - 2 potions of cancellation
 o - a potion of brilliance
 u - a potion of invisibility
 v - a potion of magic
 z - 3 potions of haste
 E - 2 potions of lignification
 F - 3 potions of resistance
 R - a potion of ambrosia
 W - 2 potions of mutation
Miscellaneous
 M - a fan of gales (inert)
 T - a box of beasts
Comestibles
 d - 32 rations


   Skills:
 + Level 9.1 Fighting
 + Level 8.5 Maces & Flails
 - Level 6.0 Armour
 + Level 7.2 Dodging
 - Level 2.1 Stealth
 + Level 9.7 Spellcasting
 + Level 11.0 Conjurations
   Level 0.7 Transmutations
 * Level 9.6 Fire Magic
 + Level 12.4 Earth Magic
 - Level 6.0 Evocations


You had 7 spell levels left.
You knew the following spells:

 Your Spells              Type           Power        Failure   Level  Hunger
a - Sandblast             Erth           ######       1%          1    None
b - Stone Arrow           Conj/Erth      ######       1%          3    None
c - Lee's Rapid Deconstr  Erth           ######....   1%          5    ####...
d - Iron Shot             Conj/Erth      ######....   1%          6    #####..
e - Bolt of Magma         Conj/Fire/Erth ######....   1%          5    ####...
f - Fireball              Conj/Fire      ######....   1%          5    ####...

Your spell library contained the following spells:

 Spells                   Type           Power        Failure   Level  Hunger
 Bolt of Cold             Conj/Ice       #####.....   8%          6    #####..
 Beastly Appendage        Tmut           ###...       1%          1    None
 Confusing Touch          Hex            ##....       1%          1    None
 Corona                   Hex            ##.....      1%          1    None
 Flame Tongue             Conj/Fire      #####        1%          1    None
 Magic Dart               Conj           ####         1%          1    None
 Passwall                 Tmut/Erth      #####...     1%          2    None
 Searing Ray              Conj           ######       1%          2    None
 Sticks to Snakes         Tmut           ###.....     1%          2    None
 Throw Flame              Conj/Fire      ######       1%          2    None
 Throw Frost              Conj/Ice       #####.       1%          2    None
 Conjure Flame            Conj/Fire      ######..     1%          3    None
 Dazzling Spray           Conj/Hex       #####.       1%          3    None
 Inner Flame              Hex/Fire       #####...     1%          3    None
 Force Lance              Conj/Tloc      #####...     1%          4    None
 Fulminant Prism          Conj/Hex       #####.....   1%          4    None
 Iskenderun's Mystic Bla  Conj           ######..     1%          4    None
 Petrify                  Tmut/Erth      #####...     1%          4    None
 Sticky Flame             Conj/Fire      ######..     1%          4    None
 Iskenderun's Battlesphe  Conj/Chrm      #####...     1%          5    ####...
 Venom Bolt               Conj/Pois      #####.....   1%          5    ####...
 Blink                    Tloc           N/A          2%          2    None
 Call Imp                 Summ           ##......     2%          2    None
 Ensorcelled Hibernation  Hex/Ice        ##....       2%          2    None
 Slow                     Hex            ##......     2%          2    None
 Song of Slaying          Chrm           ##......     2%          2    None
 Spider Form              Tmut/Pois      ###.......   4%          3    None
 Orb of Destruction       Conj           ######....   4%          7    #######
 Confuse                  Hex            ##......     5%          3    None
 Gell's Gravitas          Tloc           ##........   5%          3    None
 Tukima's Dance           Hex            ##......     5%          3    None
 Yara's Violent Unravell  Hex/Tmut       ###.......   12%         5    ####...
 Ice Form                 Ice/Tmut       ###.....     16%         4    None
 Blade Hands              Tmut           ###.......   32%         5    ####...
 Spellforged Servitor     Conj/Summ      #####.....   34%         7    #######
 Metabolic Englaciation   Hex/Ice        ##........   43%         5    ####...


Dungeon Overview and Level Annotations

Branches:
Dungeon (14/15)            Temple (1/1) D:4            Lair (5/6) D:10
 Shoals (0/4) Lair:3        Snake (0/4) Lair:4          Orc (0/2) D:11
 Vaults (0/5) D:13
  Slime: Lair:5-6

Altars:
Ashenzari
Cheibriados
Dithmenos
Elyvilon
Fedhas
Gozag
Hepliaklqana
Kikubaaqudgha
Makhleb
Nemelex Xobeh
Okawaru
Qazlal
Ru
Sif Muna
Trog
Uskayaw
Vehumet
Wu Jian
Xom
Yredelemnul
Zin
The Shining One

Shops:
D:4 :   D:9 %   D:11 *

Annotations:
D:5 1 runed translucent door, Wormgod's ghost, amateur GrFi
Lair:2 2 transporters, Ykeeg's ghost, journeyman NaFi
Lair:5 Efitis's ghost, journeyman HaHu


Innate Abilities, Weirdness & Mutations

You are resistant to torment.
Your stone body is resilient. (AC +10)
You are immune to poison.
Your large and strong wings let you fly indefinitely.
You resist negative energy. (rN+)
You are resistant to electric shocks. (rElec)
You can survive without breathing.
You are immune to petrification.
You are immune to rotting.
You possess an exceptional clarity of mind.
Your mind is acute. (Int +2)
You passively map a small area around you.


Message History

Okay, then.
Evoke which item? (* to show all) (? for menu, Esc to quit)
You open the lid... ...and a juvenile fireox beast leaps out!
Efitis's ghost barely misses you.
You closely miss Efitis's ghost.
Efitis's ghost is almost destroyed.
Efitis's ghost completely misses you.
Your juvenile fireox beast breathes flames at Efitis's ghost.
The blast of flame misses Efitis's ghost.
You closely miss Efitis's ghost.
Efitis's ghost is almost destroyed.
Efitis's ghost hits you!
* * * LOW HITPOINT WARNING * * *
Your juvenile fireox beast completely misses Efitis's ghost.
Your juvenile fireox beast tramples Efitis's ghost but does no damage.
You miss Efitis's ghost.
Efitis's ghost is almost destroyed.
Efitis's ghost hits you!!
You die...

.##.##..#..#....##..#.....#.....P
.................................
.................................
.................................
.................................
#.#..P.#......#..#..##P........##
######..........#######......####
#............# ##....##
##.#########@## #.....#
#..#.......#W#######....#### ###
#..#...#...#.H##.##......#.##
..###..#.?#.#..'†.P#........#.###
.......#.?.....'.................
.......#.[#.#..'.................
.......#...#...#....P............
.......#.......#...P.....>.......
.......#########.P#P...#.......#.


You could see Efitis's ghost and a friendly juvenile fireox beast.

Vanquished Creatures
  The ghost of Haiko the Covert, a journeyman HuAr of Trog (Lair:2)
  The ghost of Stajl the Cleaver, a journeyman HOFi of Beogh (D:14)
  The ghost of Qaib the Nimble, a journeyman OpWz of Sif Muna (Lair:3)
  7 hydras
  A rakshasa (D:11)
  8 vault guards
  A death knight (D:14)
  The ghost of chipichau the Unseen, a journeyman SpAs of Dithmenos (Lair:1)
  A two-headed ogre (D:8)
  A death yak (Lair:5)
  Sonja (Lair:3)
  Urug (Lair:3)
  2 unseen horrors
  2 deep elf magi
  3 orc knights (Bailey)
  A cyclops (D:13)
  A necromancer (D:14)
  3 manticores
  3 black mambas
  2 ugly things
  Maurice (D:9)
  4 elephants (Lair:4)
  Joseph (D:7)
  3 centaur skeletons
  11 spiny frogs
  3 gargoyles
  3 komodo dragons
  3 rime drakes
  A queen bee (Lair:1)
  4 trolls
  2 hornets (Lair:1)
  A merfolk (D:11)
  3 meliai (D:14)
  5 hippogriffs
  3 slime creatures (D:14)
  A wraith (D:13)
  Sigmund (D:3)
  A shadow (D:13)
  5 wyverns
  50 yaks
  Eustachio (D:6)
  2 basilisks (Lair:1)
  The ghost of hemabe the Charlatan, an amateur HuAr (D:4)
  Edmund (D:5)
  A soldier ant (D:14)
  2 nagas (Lair:4)
  5 water moccasins
  7 porcupines
  Purgy (D:3)
  3 sky beasts
  3 black bears
  13 orc warriors
  An eye of draining (D:8)
  8 ice beasts
  12 wolves (Lair:1)
  2 phantoms
  6 ogres
  11 centaurs
  9 crocodiles
  6 big kobolds
  25 bullfrogs
  A wyvern skeleton (D:6)
  9 scorpions
  15 killer bees
  10 wights
  3 howler monkeys
  6 crimson imps
  4 centaur zombies
  3 bullfrog zombies
  8 hounds
  A quasit (D:12)
  3 bullfrog skeletons
  3 jellies
  6 orc priests
  Crazy Yiuf (D:3)
  7 iguanas
  11 orc wizards
  5 worker ants
  3 polar bear simulacra (D:14)
  2 yak simulacra (D:14)
  3 wolf simulacra (D:14)
  A hound zombie (D:9)
  A worker ant zombie (D:5)
  2 howler monkey skeletons
  19 adders
  4 river rats
  A hound simulacrum (D:4)
  4 shadow imps
  A worker ant simulacrum (D:4)
  4 oozes
  3 worms
  2 dart slugs
  2 leopard geckos
  51 orcs
  9 bats
  9 giant cockroaches
  8 hobgoblins
  16 jackals
  4 quokkas
  8 ball pythons
  8 frilled lizards
  10 goblins
  2 jackal simulacra (D:4)
  26 kobolds
  A leopard gecko skeleton (D:4)
  14 rats
  3 river rat simulacra (D:14)
  3 fungi
  A plant (Lair:3)
589 creatures vanquished.

Vanquished Creatures (others)
  A yak (D:14)
  3 fungi (Lair:1)
  4 plants
  4 toadstools (D:12)
12 creatures vanquished.

Grand Total: 601 creatures vanquished

Notes
Turn   | Place    | Note
-------+----------+-------------------------------------------
     0 | D:1      | LemonEater the Gargoyle Earth Elementalist began the quest
                  | for the Orb.
     0 | D:1      | Reached XP level 1. HP: 10/10 MP: 3/3
   413 | D:1      | Reached skill level 4 in Earth Magic
   413 | D:1      | Reached XP level 2. HP: 12/15 MP: 5/5
   943 | D:1      | Reached XP level 3. HP: 19/19 MP: 6/6
   948 | D:1      | Learned a level 3 spell: Stone Arrow
  1412 | D:2      | Reached skill level 1 in Conjurations
  1431 | D:2      | Reached XP level 4. HP: 12/24 MP: 6/8
  1996 | D:2      | Reached skill level 5 in Earth Magic
  2104 | D:2      | Found a snail-covered altar of Cheibriados.
  2131 | D:2      | Found an ancient bone altar of Kikubaaqudgha.
  2133 | D:2      | Found a deep blue altar of Sif Muna.
  2309 | D:3      | Reached XP level 5. HP: 26/28 MP: 7/9
  2323 | D:3      | Noticed a sky beast
  2344 | D:3      | Killed a sky beast
  2344 | D:3      | Reached XP level 6. HP: 22/32 MP: 4/11
  2444 | D:3      | Learned a level 5 spell: Lee's Rapid Deconstruction
  2890 | D:3      | You fall into a shaft and drop 1 floor!
  2927 | D:3      | Found an opulent altar of Gozag.
  2942 | D:3      | Reached skill level 6 in Earth Magic
  2989 | D:3      | Noticed Purgy
  3009 | D:3      | Killed Purgy
  3009 | D:3      | Reached XP level 7. HP: 35/36 MP: 6/13
  3017 | D:3      | Found a bloodstained altar of Trog.
  3017 | D:3      | Found an iron altar of Okawaru.
  3085 | D:3      | Found a runed translucent door.
  3086 | D:3      | Noticed Crazy Yiuf
  3092 | D:3      | Killed Crazy Yiuf
  3249 | D:3      | Noticed Sigmund
  3257 | D:3      | Killed Sigmund
  3378 | D:4      | Gained mutation: You occasionally shout uncontrollably at
                  | your foes. [potion of mutation]
  3378 | D:4      | Gained mutation: Scrolls take you a little longer to read.
                  | [potion of mutation]
  3378 | D:4      | Gained mutation: You possess an exceptional clarity of
                  | mind. [potion of mutation]
  3383 | D:4      | Found a basalt altar of Yredelemnul.
  3386 | D:4      | Found a staircase to the Ecumenical Temple.
  3396 | Temple   | Entered the Ecumenical Temple
  3806 | D:4      | Learned a level 2 spell: Passwall
  3865 | D:4      | Reached skill level 7 in Earth Magic
  3884 | D:4      | Reached skill level 5 in Spellcasting
  3940 | D:4      | Reached skill level 5 in Conjurations
  3940 | D:4      | Reached XP level 8. HP: 34/41 MP: 13/15
  4046 | D:4      | Found Dufika's Book Emporium.
  4177 | D:4      | Found a runed translucent gate.
  4177 | D:4      | Found a runed translucent gate.
  4177 | D:4      | Found a runed translucent gate.
  4234 | D:4      | Noticed hemabe's ghost (amateur HuAr)
  4514 | D:4      | Killed hemabe's ghost
  4695 | D:5      | Entered Level 5 of the Dungeon
  4777 | D:5      | Reached skill level 8 in Earth Magic
  4786 | D:5      | Found a runed translucent door.
  4793 | D:5      | Noticed Wormgod's ghost (amateur GrFi)
  4803 | D:5      | Noticed Edmund
  4811 | D:5      | Killed Edmund
  5087 | D:5      | Reached skill level 1 in Armour
  5093 | D:5      | Reached skill level 1 in Fighting
  5093 | D:5      | Reached skill level 1 in Maces & Flails
  5100 | D:5      | Found an ornate altar of the Wu Jian Council.
  5571 | D:6      | Reached XP level 9. HP: 42/47 MP: 12/17
  5654 | D:6      | Found a glowing drain.
  5756 | Sewer    | Entered a sewer
  6378 | D:6      | Found a glowing golden altar of the Shining One.
  6530 | D:6      | Noticed Eustachio
  6543 | D:6      | Killed Eustachio
  6675 | D:6      | Found a radiant altar of Vehumet.
  6704 | D:6      | Became a worshipper of Vehumet
  7007 | D:6      | Reached skill level 9 in Earth Magic
  7143 | D:7      | Reached XP level 10. HP: 54/56 MP: 8/19
  7291 | D:7      | Noticed Joseph
  7304 | D:7      | Killed Joseph
  7599 | D:7      | Reached * piety under Vehumet
  7599 | D:7      | Offered knowledge of Shock by Vehumet.
  7716 | D:8      | Identified Duplaill's Spellcasting in Simple Steps
  7736 | D:8      | Noticed a two-headed ogre
  7742 | D:8      | Killed a two-headed ogre
  7742 | D:8      | Reached skill level 1 in Evocations
  8053 | D:8      | Found a stormy altar of Qazlal.
  8382 | D:9      | Found a burning altar of Makhleb.
  8423 | D:9      | Found Awoczax's Food Emporium.
  8594 | D:9      | Noticed Maurice
  8598 | D:9      | Killed Maurice
  8598 | D:9      | Reached skill level 5 in Fighting
  8598 | D:9      | Reached skill level 5 in Armour
  8598 | D:9      | Reached XP level 11. HP: 63/63 MP: 4/21
  9216 | D:10     | Entered Level 10 of the Dungeon
  9276 | D:10     | Reached ** piety under Vehumet
  9277 | D:10     | Offered knowledge of Sting by Vehumet.
  9277 | D:10     | Reached skill level 5 in Maces & Flails
  9316 | D:10     | Identified a scroll of acquirement
  9577 | D:4      | Bought a book of Power for 585 gold pieces
  9583 | D:4      | Learned a level 5 spell: Bolt of Magma
  9590 | D:4      | Learned a level 6 spell: Iron Shot
  9780 | D:10     | Reached skill level 10 in Earth Magic
  9782 | D:10     | Reached skill level 1 in Fire Magic
 10025 | D:10     | Found a staircase to the Lair.
 10454 | D:11     | Noticed a manticore
 10454 | D:11     | Noticed a green ugly thing
 10460 | D:11     | Killed a manticore
 10463 | D:11     | Killed a green ugly thing
 10471 | D:11     | Noticed a rakshasa
 10489 | D:11     | You fall into a shaft and drop 3 floors!
 10489 | D:14     | Found a flagged portal.
 10489 | D:14     | Noticed a deep elf mage
 10497 | Bailey   | Entered a bailey
 10497 | Bailey   | Noticed an orc knight
 10509 | Bailey   | Noticed an orc knight
 10519 | Bailey   | Killed an orc knight
 10520 | Bailey   | Killed an orc knight
 10522 | Bailey   | Noticed an orc knight
 10529 | Bailey   | Killed an orc knight
 10787 | Bailey   | Offered knowledge of Static Discharge by Vehumet.
 10942 | D:14     | Found a runed translucent gate.
 10942 | D:14     | Found a runed translucent gate.
 10942 | D:14     | Found a runed translucent gate.
 10945 | D:14     | Noticed a nine-headed hydra
 10945 | D:14     | Noticed Stajl's ghost (journeyman HOFi)
 10945 | D:14     | Noticed a nine-headed hydra
 11122 | D:13     | Found a gate to the Vaults.
 11122 | D:13     | Noticed a vault guard
 11122 | D:13     | Noticed a vault guard
 11122 | D:13     | Noticed a vault guard
 11122 | D:13     | Noticed a vault guard
 11122 | D:13     | Noticed a vault guard
 11139 | D:13     | Noticed a vault guard
 11144 | D:13     | Noticed a vault guard
 11206 | D:13     | Reached XP level 12. HP: 70/70 MP: 16/23
 11369 | D:13     | Reached *** piety under Vehumet
 11410 | D:12     | Reached skill level 5 in Dodging
 11444 | D:11     | Found Keliheni's Assorted Antiques.
 11451 | D:11     | Bought a scroll of identify for 54 gold pieces
 11451 | D:11     | Bought a glowing brown potion for 24 gold pieces
 11451 | D:11     | Bought a potion of magic for 216 gold pieces
 11451 | D:11     | Bought a scroll labeled SOUNKO AXA for 27 gold pieces
 11451 | D:11     | Bought a bubbling orange potion for 24 gold pieces
 11761 | D:11     | Killed a rakshasa
 11907 | D:11     | Learned a level 5 spell: Fireball
 11973 | D:11     | Found a sacrificial altar of Ru.
 11993 | D:11     | Found a staircase to the Orcish Mines.
 12444 | D:12     | Offered knowledge of Ignite Poison by Vehumet.
 12874 | D:12     | Lost mutation: Scrolls take you a little longer to read.
                  | [potion of mutation]
 12874 | D:12     | Lost mutation: You occasionally shout uncontrollably at
                  | your foes. [potion of mutation]
 12874 | D:12     | Gained mutation: You passively map a small area around you.
                  | [potion of mutation]
 12874 | D:12     | Gained mutation: Your mind is acute. (Int +2) [potion of
                  | mutation]
 13106 | D:13     | Killed a vault guard
 13106 | D:13     | Reached skill level 5 in Fire Magic
 13181 | D:12     | Killed a vault guard
 13184 | D:12     | Killed a vault guard
 13614 | D:13     | Reached **** piety under Vehumet
 13731 | D:13     | Killed a vault guard
 13731 | D:13     | Reached skill level 11 in Earth Magic
 13733 | D:13     | Killed a vault guard
 13848 | D:13     | Offered knowledge of Irradiate by Vehumet.
 13948 | D:13     | Killed a vault guard
 14125 | D:13     | Reached XP level 13. HP: 66/76 MP: 23/25
 14136 | D:13     | Killed a vault guard
 14277 | D:13     | Noticed a vault guard
 14282 | D:13     | Killed a vault guard
 14841 | D:14     | Reached skill level 5 in Evocations
 15258 | D:14     | Reached ***** piety under Vehumet
 15426 | D:14     | Offered knowledge of Ozocubu's Refrigeration by Vehumet.
 16055 | D:14     | Reached skill level 10 in Conjurations
 16060 | D:14     | Killed Stajl's ghost
 16337 | Lair:1   | Entered Level 1 of the Lair of Beasts
 17482 | Lair:1   | Found a transporter.
 17484 | Lair:1   | Found a transporter.
 17521 | Lair:1   | Noticed chipichau's ghost (journeyman SpAs)
 17685 | Lair:1   | Gained mutation: Your large and strong wings let you fly
                  | indefinitely. [Gargoyle growth]
 17685 | Lair:1   | Reached XP level 14. HP: 84/84 MP: 15/27
 17958 | Lair:1   | Killed chipichau's ghost
 18097 | Lair:2   | Noticed Ykeeg's ghost (journeyman NaFi)
 18108 | Lair:2   | Found a transporter.
 18111 | Lair:2   | Found a transporter.
 19092 | Lair:3   | Reached skill level 12 in Earth Magic
 19201 | Lair:3   | Noticed Sonja
 19211 | Lair:3   | Killed Sonja
 19330 | Lair:3   | Found a runed translucent gate.
 19330 | Lair:3   | Found a runed translucent gate.
 19331 | Lair:3   | Found a runed translucent gate.
 19349 | Lair:3   | Noticed Qaib's ghost (journeyman OpWz)
 19350 | Lair:3   | Noticed Haiko's ghost (journeyman HuAr)
 19436 | Lair:3   | Noticed Urug
 19455 | Lair:3   | Killed Urug
 20053 | Lair:3   | Found a staircase to the Shoals.
 20454 | Lair:2   | Killed Haiko's ghost
 20535 | Lair:3   | Killed Qaib's ghost
 20753 | Lair:3   | Got a faintly glowing iron ring
 20755 | Lair:3   | Identified the ring "Dyhaz" {rPois Dex+5} (You found it on
                  | level 3 of the Lair of Beasts)
 20767 | Lair:3   | Got a shimmering dagger
 20768 | Lair:3   | Identified the +4 dagger of Agyeq {pierce, Str+2} (You
                  | found it on level 3 of the Lair of Beasts)
 20830 | Lair:4   | Found a staircase to the Snake Pit.
 21128 | Lair:4   | Offered knowledge of Bolt of Cold by Vehumet.
 21751 | Lair:5   | Got a sparkling sapphire amulet
 21752 | Lair:5   | Identified the amulet "Goehuif" {RegenMP rElec rN+++ Int-5}
                  | (You found it on level 5 of the Lair of Beasts)
 21905 | Lair:5   | Noticed Efitis's ghost (journeyman HaHu)
 21907 | Lair:5   | Found a runed translucent gate.
 21908 | Lair:5   | Found a runed translucent gate.
 22121 | Lair:5   | Found a runed translucent gate.
 22583 | Lair:5   | Slain by Efitis's ghost

Levels and vault maps discovered:
D:1:      shiori_arrival_elements, layout_basic, serial_forest,
          infiniplex_forest_clump_large, infiniplex_forest_3_way,
          infiniplex_forest_clump_small, infiniplex_forest_clump_C,
          infiniplex_forest_clump_long, infiniplex_forest_lined_3
D:2:      layout_rooms, nicolae_overflow_hidden_temple
D:3:      layout_rooms, grunt_temple_overflow_open, corexii_shack,
          nicolae_gozag_seed_capital, uniq_sigmund, uniq_purgy,
          uniq_crazy_yiuf_cottage
D:4:      layout_basic, overflow_temple_1_default,
          minmay_temple_entry_junction_2, serial_shops, nicolae_shop_crystal,
          gammafunk_ghost_icy, minmay_misc_feat_chi, minmay_statues_item
D:5:      layout_basic, old_standard_altar, first_ration,
          ebering_ghost_reflecting_pool, uniq_edmund
D:6:      layout_gridville, tso_metal_star, vehumet_altar_wand_db,
          portal_sewer_entry_a, hangedman_decor_lopped, kennysheep_potato,
          uniq_eustachio
D:7:      layout_rooms, uniq_joseph
D:8:      layout_basic, nicolae_qazlal_style_of_elements
D:9:      layout_loops_ring, serial_shops, shop, makhleb_heckhound_becter,
          uniq_maurice
D:10:     layout_long_grid, lair_entry_dummy
D:11:     layout_irregular_city, orc_0_dummy, basic_altar, serial_shops, shop,
          hangedman_fish_farm, minmay_bent
D:12:     layout_irregular_city, minmay_gold_behind_fungi
D:13:     layout_long_grid, erik_vaults_2, chequers_serial_rivers_small_3
D:14:     layout_cave_pools, gammafunk_ghost_hydra_chop, enter_bailey_2,
          minmay_misc_feat_doors, eino_house_with_fridge
Temple:   minmay_temple_curvy_loop
Lair:1:   layout_chaotic_city, gammafunk_ghost_hive,
          eino_small_chamber_without_monster, beast_lair_carwin_7
Lair:2:   layout_hall_layers, gammafunk_ghost_arena, grunt_megastairs_2
Lair:3:   layout_layer_cave, elwin_shoals_entry_rooms, gammafunk_ghost_cemetery,
          serial_bayou_lagoon_a, uniq_sonja, uniq_urug
Lair:4:   layout_hall_layers, guppyfry_snake_entry_island
Lair:5:   layout_long_grid, gammafunk_ghost_split

Skill      XL: |  1  2  3  4  5  6  7  8  9 10 11 12 13 14 |
---------------+-------------------------------------------+-----
Earth Magic    | 4 5 6 7 8 9 10 11 12 | 12.4
Conjurations   | 1 2 3 5 6 7 8 9 10 11 | 11.0
Spellcasting   | 3 4 5 6 7 8 9 |  9.7
Armour         | 1 3 5 6 |  6.0
Fighting       | 1 3 5 6 7 8 9 |  9.1
Maces & Flails | 1 3 4 5 6 7 8 |  8.5
Dodging        | 2 3 4 5 6 7 |  7.2
Evocations     | 2 3 4 5 6 |  6.0
Fire Magic     | 3 6 7 9 |  9.6
Stealth        | |  2.1
Transmutations | |  0.7

Action                   |  1- 3 |  4- 6 |  7- 9 | 10-12 | 13-15 || total
-------------------------+-------+-------+-------+-------+-------++-------
Melee: Dagger            |    14 |       |       |       |       ||    14
       Unarmed           |     4 |       |       |       |       ||     4
       Short sword       |    94 |   163 |   294 |   300 |   338 ||  1189
       Mace              |       |       |    12 |       |       ||    12
       Morningstar       |       |       |       |       |   138 ||   138
Throw: Throwing net      |       |       |       |     1 |       ||     1
 Cast: Sandblast         |     4 |    28 |    64 |   181 |   108 ||   385
       Stone Arrow       |       |     1 |     4 |    32 |     3 ||    40
       Lee's Rapid Decon |       |     1 |    12 |    28 |    59 ||   100
       Bolt of Magma     |       |       |       |     2 |     6 ||     8
       Iron Shot         |       |       |       |     3 |    53 ||    56
       Fireball          |       |       |       |     2 |    19 ||    21
 Abil: Fly               |       |       |       |       |     1 ||     1
Evoke: Wand              |       |       |       |    15 |     7 ||    22
       Fan of gales      |       |       |       |     1 |     1 ||     2
       Phantom mirror    |       |       |       |     1 |       ||     1
       Box of beasts     |       |       |       |       |     1 ||     1
  Use: Scroll            |       |       |    21 |    15 |    11 ||    47
       Potion            |       |       |     1 |     5 |    14 ||    20
 Stab: Sleeping          |     3 |     1 |     6 |     1 |     1 ||    12
       Distracted        |       |       |       |       |     1 ||     1
  Eat: Chunk             |     2 |     6 |    17 |    25 |    36 ||    86
       Ration            |       |       |       |     2 |     6 ||     8
Armor: Robe              |    33 |    63 |   114 |   211 |   267 ||   688
Dodge: Dodged            |    68 |   180 |   301 |   488 |   667 ||  1704

Table legend:
 A = Non-vault XP
 B = Vault XP
 C = Vault XP percentage of total XP
 D = Non-vault monster count
 E = Vault monster count
 F = Vault count percentage of total count
                 A         B        C        D         E       F
            +---------+---------+-------+---------+---------+-------
      Total |   50484 |   34001 |  40.2 |     444 |     142 |  24.2
            +---------+---------+-------+---------+---------+-------
        D:1 |      34 |       0 |   0.0 |      21 |       0 |   0.0
        D:2 |     125 |       0 |   0.0 |      35 |       0 |   0.0
        D:3 |     349 |     399 |  53.3 |      35 |       4 |  10.3
        D:4 |     408 |     455 |  52.7 |      34 |       7 |  17.1
        D:5 |     384 |     154 |  28.6 |      14 |       1 |   6.7
        D:6 |     850 |     242 |  22.2 |      24 |       8 |  25.0
        D:7 |    1814 |     445 |  19.7 |      20 |       1 |   4.8
        D:8 |    1740 |       0 |   0.0 |      11 |       0 |   0.0
        D:9 |    1480 |     536 |  26.6 |      23 |       2 |   8.0
       D:10 |    2373 |       0 |   0.0 |      16 |       0 |   0.0
       D:11 |    1366 |    3283 |  70.6 |      14 |      11 |  44.0
       D:12 |    2094 |    1966 |  48.4 |      14 |       2 |  12.5
       D:13 |    4940 |    5918 |  54.5 |      42 |       6 |  12.5
       D:14 |    8071 |    4997 |  38.2 |      41 |      16 |  28.1
     Lair:1 |    5240 |    3431 |  39.6 |      30 |      22 |  42.3
     Lair:2 |    3939 |    2640 |  40.1 |      18 |       8 |  30.8
     Lair:3 |    6044 |    2691 |  30.8 |      21 |       3 |  12.5
     Lair:4 |    4828 |     308 |   6.0 |      14 |       2 |  12.5
     Lair:5 |    4405 |    3021 |  40.7 |      17 |       5 |  22.7
      Sewer |       0 |     390 | 100.0 |       0 |      28 | 100.0
     Bailey |       0 |    3125 | 100.0 |       0 |      16 | 100.0
            +---------+---------+-------+---------+---------+-------
